[Event "*** Titled Tuesday Blitz"]
[Site "Chess.com"]
[Date "2020.05.05"]
[Round "3"]
[White "Grineva_Marianna"]
[Black "aa175"]
[Result "1-0"]
[WhiteElo "2159"]
[BlackElo "2399"]
[TimeControl "180+1"]
[EndTime "10:29:06 PDT"]
[Termination "Grineva_Marianna won by checkmate"]

1. d4 e5 2. dxe5 Nc6 3. Nf3 Qe7 4. Nc3 Nxe5 5. e4 Nf6 6. Bg5 c6 7. Bd3 h6 8. Bf4 Nxf3+ 9. Qxf3 g5 10. Be3 d6 11. h3 Bg7 12. O-O-O Nd7 13. Ne2 Ne5 14. Qg3 Be6 15. a3 O-O-O 16. f4 Nxd3+ 17. Rxd3 Bc4 18. Rd2 Qxe4 19. fxg5 hxg5 20. Bxg5 Bxe2 21. Bxd8 Bh6 22. Bg5 Rg8 23. h4 f6 24. Qf2 fxg5 25. Rxe2 gxh4+ 26. Kb1 Qd5 27. Rxh4 Rf8 28. Qe1 Qg5 29. Re8+ Rxe8 30.
Qxe8+ Kc7 31. Qf7+ Kc8 32. Qe6+ Kc7 33. Qxh6 Qd5 34.
Qg7+ Kb6 35. Rb4+ Ka5 36. Qxb7 Qd1+ 37. Ka2 Qd5+ 38. Rb3 a6 39. Qb4# 1-0

[Event "*** Titled Tuesday Blitz"]
[Site "Chess.com"]
[Date "2020.05.05"]
[Round "3"]
[White "ljuks68"]
[Black "ALeks_Ivlev"]
[Result "0-1"]
[WhiteElo "2362"]
[BlackElo "2570"]
[TimeControl "180+1"]
[EndTime "10:29:07 PDT"]
[Termination "ALeks_Ivlev won by resignation"]

1. e4 c5 2. Nf3 d6 3. d4 cxd4 4. Nxd4 Nf6 5. Nc3 g6 6. Be3 Bg7 7. f3 a6 8. Qd2 h5 9. Be2 b5 10. O-O O-O 11. a4 b4 12. Na2 a5 13. c3 bxc3 14.
Nxc3 Bb7 15. Kh1 Nbd7 16. Bc4 Ne5 17. Bb5 Rc8 18. Qe2 h4 19. Bg5 h3 20. gxh3 d5 21.
exd5 Nxd5 22. Rad1 Rxc3 23. bxc3 Nxc3 24. Ne6 Qxd1 25.
Qxd1 Nxd1 26. Nxf8 Kxf8 27. Kg2 Nc3 28. Bd2 Nxb5 29.
axb5 a4 30. Bc3 Nxf3 31. Bxg7+ Kxg7 32. Ra1 Nd4+ 33. Kf2 Nxb5 34. Rxa4 Nd6 0-1

[Event "*** Titled Tuesday Blitz"]
[Site "Chess.com"]
[Date "2020.05.05"]
[Round "3"]
[White "Jadeit90"]
[Black "Turquoise_2701"]
[Result "0-1"]
[WhiteElo "2394"]
[BlackElo "2157"]
[TimeControl "180+1"]
[EndTime "10:29:08 PDT"]
[Termination "Turquoise_2701 won by resignation"]

1. g3 Nf6 2. Bg2 g6 3. c4 Bg7 4.
Nc3 O-O 5. d3 d6 6. e4 Nfd7 7. Nge2 b6 8. h4 h5 9. O-O Bb7 10. Be3 c5 11. Qd2 Nc6 12. f4 Nf6 13. Kh1 Ng4 14. Bg1 Nd4 15. Nxd4 cxd4 16. Ne2 Ne3 17. Bxe3 dxe3 18. Qxe3 Bxb2 19. Rab1 Bg7 20. f5 e6 21. fxg6 fxg6 22. Nf4 Bh6 23. e5 Bxg2+ 24.
Kxg2 Bxf4 25. Rxf4 Rxf4 26. Qxf4 dxe5 27. Qe4 Kh7 28.
Rf1 Qe8 29. Qxe5 Rd8 30. Rf6 Rxd3 31. Rxe6 Qa8+ 32. Qe4 Qxe4+ 33. Rxe4 Rd2+ 34. Kf3 Rxa2 35. Re7+ Kg8 36. Rc7 Rc2 37. Kf4 Rc3 38. g4 hxg4 39.
Kxg4 a5 40. Rb7 Rxc4+ 41. Kg5 Rc6 42. Rb8+ Kg7 43. Rb7+ Kf8 44. Rb8+ Ke7 45. Rg8 a4 46. Ra8 b5 47. Ra7+ Kd8 48. Ra5 Rb6 49. Kf4 Kc7 50.
Ra7+ Rb7 51. Ra8 Kc6 0-1

[Event "*** Titled Tuesday Blitz"]
[Site "Chess.com"]
[Date "2020.05.05"]
[Round "3"]
[White "Love_craft"]
[Black "tufferguy"]
[Result "1-0"]
[WhiteElo "2347"]
[BlackElo "2354"]
[TimeControl "180+1"]
[EndTime "10:29:08 PDT"]
[Termination "Love_craft won on time"]

1. Nf3 d5 2. g3 Nf6 3. Bg2 c6 4. O-O Bg4 5. d3 Nbd7 6. Nbd2 e6 7. e4 Be7 8. h3 Bxf3 9. Qxf3 O-O 10. Qe2 e5 11. f4 exf4 12. gxf4 Bc5+ 13. Kh1 dxe4 14. dxe4 Re8 15. e5 Nd5 16. Ne4 Be7 17. c4 N5b6 18.
b3 Nc5 19. Ng3 Qd3 20. Qg4 Qg6 21. Be3 Qxg4 22. hxg4 Rad8 23. Rad1 Ne6 24. Nf5 Bf8 25. a4 g6 26. Nd6 Bxd6 27. exd6 Nf8 28. Rfe1 Nc8 29.
c5 Nd7 30. Bd4 Kf8 31. b4 Rxe1+ 32. Rxe1 f6 33. b5 Nb8 34. Bxf6 Re8 35. Bg7+ Kf7 36.
Be5 Nd7 37. bxc6 Nxc5 38. d7 1-0

[Event "*** Titled Tuesday Blitz"]
[Site "Chess.com"]
[Date "2020.05.05"]
[Round "3"]
[White "DanielTitichoca"]
[Black "m-garcett"]
[Result "0-1"]
[WhiteElo "2283"]
[BlackElo "2038"]
[TimeControl "180+1"]
[EndTime "10:29:08 PDT"]
[Termination "m-garcett won on time"]

1. e4 c5 2. Nf3 d6 3. d4 cxd4 4. Nxd4 Nf6 5. Nc3 a6 6. Bg5 e6 7. f4 h6 8. Bh4 Qb6 9. Qd2 Qxb2 10. Rb1 Qa3 11. Bc4 Nc6 12. Nb3 Be7 13. O-O O-O 14.
Rbe1 b5 15. Bd3 Bb7 16. e5 dxe5 17. fxe5 Ng4 18. Bxe7 Qxe7 19. Qf4 Qg5 20. Nc5 Bc8 21. N3e4 Qxf4 22. Rxf4 Ngxe5 23. Nd6 Nxd3 24. cxd3 e5 25.
Rf2 Be6 26. Rc1 Nd4 27. Nxe6 Nxe6 28. Re2 f6 29. Nf5 Nf4 30. Re3 Rfe8 31. Rc7 Ne6 0-1

[Event "*** Titled Tuesday Blitz"]
[Site "Chess.com"]
[Date "2020.05.05"]
[Round "3"]
[White "ezkybel"]
[Black "Igrok3069"]
[Result "0-1"]
[WhiteElo "2442"]
[BlackElo "2763"]
[TimeControl "180+1"]
[EndTime "10:29:09 PDT"]
[Termination "Igrok3069 won by resignation"]

1. e4 c5 2. Nf3 e6 3. d4 cxd4 4. Nxd4 Nf6 5. Bd3 Nc6 6. Nxc6 bxc6 7. O-O d5 8. Nd2 a5 9. a4 Be7 10. b3 Ba6 11. Bxa6 Rxa6 12. Qe2 Ra8 13. Bb2 O-O 14. Rad1 Qb6 15. Kh1 Qa6 16. Qxa6 Rxa6 17. Rfe1 Rc8 18. e5 Nd7 19. f4 Bb4 20. Re2 Bxd2 21. Rexd2 Nc5 22.
Kg1 Rb8 23. Ba3 Ne4 24. Rd3 Ra7 25. h4 h5 26. Rd4 Kh7 27. Bd6 Nxd6 28. exd6 Rd7 29.
Kf2 Rxd6 30. Kf3 Kg6 31. g4 hxg4+ 32. Kxg4 Kf6 33. Kf3 Rdd8 34. R4d2 Rh8 35. Kg3 Rh5 36.
Kg4 Rbh8 37. Rh2 R5h6 38. Re1 Rg6+ 39. Kf3 Rh5 40. b4 axb4 41. a5 Rh8 42. a6 Ra8 43. Ra1 Ke7 44. a7 Kd7 45. h5 Rh6 46. Rg2 Rxh5 47.
Rxg7 Rf5 48. Rh7 Kc7 49. Ke3 Kb7 50. Ra4 c5 51. Ra5 Kb6 52. Ra1 Rxa7 53. Rxa7 Kxa7 0-1

[Event "*** Titled Tuesday Blitz"]
[Site "Chess.com"]
[Date "2020.05.05"]
[Round "3"]
[White "praveenb2002"]
[Black "chesstrainer2042"]
[Result "1-0"]
[WhiteElo "2726"]
[BlackElo "2430"]
[TimeControl "180+1"]
[EndTime "10:29:09 PDT"]
[Termination "praveenb2002 won by resignation"]

1. d4 Nf6 2. c4 e6 3. Nc3 Bb4 4. f3 O-O 5. e4 c5 6. d5 b5 7. Nh3 bxc4 8. Bxc4 exd5 9. Bxd5 Nxd5 10. Qxd5 Nc6 11. O-O Qb6 12. Rd1 Bb7 13. Qh5 Nd4 14. Nd5 Bxd5 15. Qxd5 Qe6 16. Nf4 Qxd5 17. Nxd5 Ba5 18.
Be3 Ne6 19. Ne7+ Kh8 20. Rxd7 Rab8 21. Nc6 Rb5 22. b3 a6 23. Ra7 Bc3 24. Rd1 h6 25. Rxa6 f5 26. exf5 Rxf5 27. Ne7 Rf6 28.
Nd5 Bd4 29. Bxd4 Nxd4 30. Nxf6 gxf6 31. Rxf6 Ra5 32. Rxh6+ Kg7 33. Rd6 Rxa2 34. R6xd4 cxd4 35. Rxd4 Rb2 36. b4 Kg6 37. Re4 Kh6 38. h3 Kg6 39.
Kh2 Kh6 40. Kg3 Kg6 41. h4 Kh6 42. Kh3 Rf2 43. Re6+ Kg7 44. b5 Rb2 45. b6 Kf7 46. Rc6 Kg7 47. h5 Kh7 48. g4 Rb3 49. Kg3 Rb4 50. g5 Kg7 51. f4 Kh7 52. Kg4 Rb5 53. Rc7+ Kg8 54. b7 Kh8 55. h6 Kg8 56. g6 1-0

[Event "*** Titled Tuesday Blitz"]
[Site "Chess.com"]
[Date "2020.05.05"]
[Round "3"]
[White "atalz0"]
[Black "yandry1996"]
[Result "1-0"]
[WhiteElo "2480"]
[BlackElo "2176"]
[TimeControl "180+1"]
[EndTime "10:29:09 PDT"]
[Termination "atalz0 won on time"]

1. d4 d5 2. c4 e6 3. Nc3 c6 4.
e3 Nf6 5. b3 Bd6 6. Nf3 Nbd7 7.
Bd3 O-O 8. O-O e5 9. dxe5 Nxe5 10. cxd5 Nxf3+ 11. gxf3 Nxd5 12. Nxd5 cxd5 13. Kh1 Qh4 14. f4 Bh3 15. Rg1 Qxf2 16. Rg3 Be6 17. Rb1 Bb4 18.
Bb2 d4 19. Rg2 Qh4 20. Bxd4 f6 21. Be4 Rad8 22. Qf3 Rf7 23. Rbg1 Qh6 24. Bxb7 Bf8 25. Be4 f5 26. Bc6 1-0

[Event "*** Titled Tuesday Blitz"]
[Site "Chess.com"]
[Date "2020.05.05"]
[Round "3"]
[White "Mazanchenko_Dmitry"]
[Black "joksijoksi"]
[Result "0-1"]
[WhiteElo "2129"]
[BlackElo "2336"]
[TimeControl "180+1"]
[EndTime "10:29:09 PDT"]
[Termination "joksijoksi won by checkmate"]

1. e4 c5 2. Ne2 e6 3. Nbc3 a6 4.
a4 Nc6 5. g3 g6 6. d4 cxd4 7.
Nxd4 Bg7 8. Be3 Nge7 9. Qd2 O-O 10. Nb3 d5 11. exd5 Nxd5 12. Nxd5 exd5 13. O-O-O Be6 14.
Bg2 Ne7 15. Bc5 Rc8 16. a5 Qc7 17. Bb6 Qd7 18. Nc5 Qb5 19. b4 Nc6 20. c3 Qc4 21. Na4 Nxb4 22. Bc5 Rxc5 23. Nxc5 Qxc5 24. Kb2 Nc6 25.
Bxd5 Bxd5 26. Qxd5 Qxc3+ 27. Kb1 Qb2# 0-1

[Event "*** Titled Tuesday Blitz"]
[Site "Chess.com"]
[Date "2020.05.05"]
[Round "3"]
[White "MartinCerveny"]
[Black "BvsN"]
[Result "1-0"]
[WhiteElo "2583"]
[BlackElo "2367"]
[TimeControl "180+1"]
[EndTime "10:29:11 PDT"]
[Termination "MartinCerveny won by resignation"]

1. d4 d5 2. c4 c6 3. Nf3 Nf6 4. e3 Bf5 5. cxd5 cxd5 6. Qb3 Qc7 7. Bd2 a6 8. Nc3 e6 9. Rc1 Nc6 10. Ne5 Bd6 11. Na4 Bxe5 12. dxe5 Ne4 13. Bb4 Qxe5 14.
f4 Qc7 15. Bd3 f6 16. O-O Kf7 17. Bxe4 Bxe4 18. Nc5 Bf5 19. h3 h5 20. Rfd1 Qb6 21. a3 a5 22. Na4 Qd8 23. Bc5 Rb8 24. Bb6 Qe7 25. Nc5 h4 26. Rd2 Rhc8 27. Rcd1 Kg8 28. e4 Bg6 29. f5 exf5 30. exd5 Bf7 31. Qf3 Ne5 32. Qxf5 Rxc5 33. d6 Qf8 34. Bxc5 Rc8 35. b4 b6 36. d7 axb4 37. dxc8=Q 1-0

[Event "*** Titled Tuesday Blitz"]
[Site "Chess.com"]
[Date "2020.05.05"]
[Round "3"]
[White "Boudicca64"]
[Black "serhanberat_ozdemir"]
[Result "0-1"]
[WhiteElo "1943"]
[BlackElo "2469"]
[TimeControl "180+1"]
[EndTime "10:29:11 PDT"]
[Termination "serhanberat_ozdemir won on time"]

1. d4 Nf6 2. c4 g6 3. Nc3 Bg7 4. e4 d6 5. Be2 O-O 6. Nf3 Bg4 7. Bg5 Nfd7 8. Qd2 c5 9. d5 Na6 10. O-O Nc7 11. Rfe1 a6 12. a4 Rb8 13. h3 Bxf3 14. gxf3 Qe8 15. f4 h6 16. Bh4 e6 17. Bf3 e5 18. f5 Kh7 19. Kh1 Bf6 20. Bg3 Qe7 21. Bg2 Bg5 22. f4 Bh4 23. Qf2 Bxg3 24.
Qxg3 exf4 25. Qxf4 Ne5 26. f6 Qd7 27. Re3 Nxc4 28.
Rg3 Ne5 29. h4 b5 30. Bh3 Qd8 31. h5 bxa4 32. Nxa4 Rb4 33. Kg2 Nxd5 34. hxg6+ fxg6 35. Be6 Nxf4+ 0-1

[Event "*** Titled Tuesday Blitz"]
[Site "Chess.com"]
[Date "2020.05.05"]
[Round "3"]
[White "ChronicUnhappiness"]
[Black "crywolf1986"]
[Result "0-1"]
[WhiteElo "2305"]
[BlackElo "2491"]
[TimeControl "180+1"]
[EndTime "10:29:11 PDT"]
[Termination "crywolf1986 won by resignation"]

1. c4 e6 2. Nf3 d5 3. g3 Nf6 4.
Bg2 Be7 5. O-O O-O 6. d4 c6 7. Qc2 b6 8. Nbd2 Ba6 9. Rd1 Nbd7 10. b3 Rc8 11. e4 c5 12. exd5 exd5 13. Bb2 dxc4 14. bxc4 Bb7 15. d5 Re8 16. Nf1 Bf8 17. Ne3 g6 18. h4 Bg7 19. Bh3 Ra8 20. Re1 Bc8 21. Re2 Ne5 22. Bxc8 Nxf3+ 23. Kg2 Nd4 24. Bxd4 cxd4 25. Bb7 dxe3 26. Bxa8 Qxa8 27. Rae1 exf2 28. Rxe8+ Nxe8 29. Qxf2 Qd8 30. Qe3 Nd6 31. Qe7 Qxe7 32. Rxe7 Nxc4 33. Kf3 Bf8 34. Rxa7 Bc5 35. a4 Nd6 36. Kf4 Kf8 37. g4 h6 38. h5 g5+ 39.
Ke5 Kg7 40. Rd7 Nc4+ 41. Kf5 Ne3+ 42. Ke4 Nxg4 43. d6 Nf6+ 0-1

[Event "*** Titled Tuesday Blitz"]
[Site "Chess.com"]
[Date "2020.05.05"]
[Round "3"]
[White "QueenOfTactics90"]
[Black "korkmaz16"]
[Result "0-1"]
[WhiteElo "1997"]
[BlackElo "2291"]
[TimeControl "180+1"]
[EndTime "10:29:11 PDT"]
[Termination "korkmaz16 won by resignation"]

1. e4 d5 2. exd5 Nf6 3. Bb5+ Bd7 4. Bc4 Bg4 5. f3 Bf5 6. Nc3 Nbd7 7. g4 Bg6 8. g5 Nb6 9. Bb5+ Nfd7 10. d4 e6 11. dxe6 fxe6 12. Qe2 Bd6 13. Qxe6+ Be7 14. f4 Bf7 15. Qe2 O-O 16. Be3 Nd5 17. Nxd5 Bxd5 18. Bc4 Nb6 19. Bxd5+ Qxd5 20. Nf3 Rae8 21. O-O Nc4 22. Ne5 Nxe3 23. Qxe3 c5 24. c3 cxd4 25.
cxd4 Bd6 26. Qb3 Qxb3 27. axb3 a6 28. Rac1 Rd8 29. Rc4 Bb8 30. Kg2 b5 31. Rc6 Rxd4 32. Rxa6 Rd2+ 33. Kg3 Bxe5 34. Rb6 Rd3+ 35. Kg4 Rxb3 36.
Re6 Bxb2 37. Rb1 Rb4 38. Re2 Rbxf4+ 39. Kh5 g6+ 0-1

[Event "*** Titled Tuesday Blitz"]
[Site "Chess.com"]
[Date "2020.05.05"]
[Round "3"]
[White "mamonika"]
[Black "Olga_Zhuravleva"]
[Result "1-0"]
[WhiteElo "1979"]
[BlackElo "2260"]
[TimeControl "180+1"]
[EndTime "10:29:11 PDT"]
[Termination "mamonika won on time"]

1. e4 e5 2. Nf3 Nc6 3. Bc4 Nf6 4. d3 d5 5. exd5 Nxd5 6. O-O Bc5 7. h3 O-O 8. Re1 Nb6 9. Bb3 h6 10. Nbd2 Bd6 11.
Ne4 Kh8 12. Nfg5 Qe7 13. Qh5 Be6 14. Bxe6 fxe6 15. Qg6 hxg5 16. Nxg5 Qxg5 17. Bxg5 Rf5 18. Re4 Nd4 19. Rh4+ Kg8 20. c3 Ne2+ 21. Kh1 Nf4 22. Bxf4 Rxf4 23. Qxe6+ Rf7 24. Re1 Rd8 25. Ree4 Nc8 26. Rh8+ Kxh8 27. Qxf7 Be7 28. Rxe5 1-0

[Event "*** Titled Tuesday Blitz"]
[Site "Chess.com"]
[Date "2020.05.05"]
[Round "3"]
[White "SoltaniciR"]
[Black "VinzentSpitzl"]
[Result "1-0"]
[WhiteElo "2604"]
[BlackElo "2390"]
[TimeControl "180+1"]
[EndTime "10:29:12 PDT"]
[Termination "SoltaniciR won on time"]

1. e4 c6 2. c4 d5 3. exd5 cxd5 4.
cxd5 Nf6 5. Qa4+ Bd7 6. Qb3 Qb6 7. Nc3 g6 8. Nf3 Bg7 9. Qxb6 axb6 10. Bc4 Na6 11. d4 O-O 12. O-O Rac8 13. Bb3 Bg4 14. Ne5 Bf5 15. Bf4 Rfd8 16. a3 Nc7 17. d6 Ne6 18.
dxe7 Re8 19. Be3 Rxe7 20. h3 Rd8 21. Rad1 Ne4 22. Nd5 Ree8 23. g4 Bxe5 24. dxe5 N6c5 25. gxf5 Nxb3 26. Bxb6 Rc8 27. Rfe1 Rxe5 28. Rxe4 Rxe4 29. Nf6+ Kg7 30. Nxe4 gxf5 31. Nc3 Rc6 32. Be3 Kg6 33. Rd5 Re6 34. Rb5 1-0

[Event "*** Titled Tuesday Blitz"]
[Site "Chess.com"]
[Date "2020.05.05"]
[Round "3"]
[White "jlucasvf"]
[Black "r31415"]
[Result "0-1"]
[WhiteElo "2675"]
[BlackElo "2401"]
[TimeControl "180+1"]
[EndTime "10:29:14 PDT"]
[Termination "r31415 won by resignation"]

1. e4 d6 2. d4 Nf6 3. Nc3 g6 4. Nf3 Bg7 5. Be2 O-O 6. O-O c6 7. a4 Qc7 8. h3 e5 9. Re1 exd4 10. Nxd4 Re8 11. Bf1 Nbd7 12. Bf4 Nc5 13. Qf3 Ne6 14.
Nxe6 Bxe6 15. Rad1 Rad8 16. Rxd6 Rxd6 17. e5 Rd4 18. Qe3 Rxf4 19. Qxf4 Nd5 20. Nxd5 Bxd5 21. c4 Bxe5 22. Qd2 Be6 23. b3 Bf5 24. Kh1 Rd8 25. Qe3 Bd4 26. Qf3 Qd7 27. Rd1 Qe7 28. Qf4 Bf6 29.
Rxd8+ Qxd8 30. g4 Be6 31. Qe3 Be7 32. Qxa7 Qc7 33. Qd4 Bd6 34. c5 Be5 35. Qe3 Bf4 36. Qf3 Bd5 0-1

[Event "*** Titled Tuesday Blitz"]
[Site "Chess.com"]
[Date "2020.05.05"]
[Round "3"]
[White "reniite"]
[Black "ItsCheckM8Mate"]
[Result "0-1"]
[WhiteElo "1949"]
[BlackElo "2262"]
[TimeControl "180+1"]
[EndTime "10:29:14 PDT"]
[Termination "ItsCheckM8Mate won by resignation"]

1. e4 e5 2. Nf3 Nc6 3. Bb5 g6 4. d4 exd4 5. Bg5 Be7 6. Bxe7 Ngxe7 7. Nxd4 O-O 8. O-O Nxd4 9. Qxd4 Nc6 10. Qd2 d6 11.
Nc3 Be6 12. f4 f5 13. exf5 Bxf5 14. h3 Qd7 15. g4 Be6 16. Rae1 Rae8 17. f5 gxf5 18.
gxf5 Bxf5 19. Rxe8 Rxe8 20. Qg5+ Bg6 21. Bc4+ Kh8 22.
Bf7 Bxf7 23. Qf6+ Kg8 24. Qg5+ Bg6 25. Nd5 Kh8 26. Nf6 Qe7 27. h4 Qe3+ 28. Qxe3 Rxe3 29.
Kf2 Re5 30. Ng4 Re4 31. Kf3 Re8 32. Kf4 Rf8+ 0-1

[Event "*** Titled Tuesday Blitz"]
[Site "Chess.com"]
[Date "2020.05.05"]
[Round "3"]
[White "OhanyanEminChess"]
[Black "VincentKeymer"]
[Result "0-1"]
[WhiteElo "2494"]
[BlackElo "2721"]
[TimeControl "180+1"]
[EndTime "10:29:15 PDT"]
[Termination "VincentKeymer won on time"]

1. e4 c5 2. Nf3 d6 3. d4 cxd4 4.
Nxd4 Nf6 5. Nc3 a6 6. Bc4 e6 7.
Bb3 Nbd7 8. f4 Nc5 9. f5 Nxb3 10. axb3 e5 11. Nde2 d5 12. Bg5 Bb4 13. O-O Bxc3 14. Nxc3 d4 15. Nd5 Bd7 16. c3 Bc6 17. cxd4 Bxd5 18.
exd5 Qxd5 19. dxe5 Qc5+ 20. Kh1 Ne4 21. Qg4 Nf2+ 22. Rxf2 Qxf2 23. f6 g6 24. e6 O-O 25.
e7 Rfe8 26. Qh3 h5 27. Rd1 Rac8 28. Qd3 Qxb2 29. Qe3 Rc2 30. Rg1 Rc3 31. Qf4 Rxb3 32. Bh6 Rb4 33. Qe3 Qxf6 0-1

[Event "*** Titled Tuesday Blitz"]
[Site "Chess.com"]
[Date "2020.05.05"]
[Round "3"]
[White "Macron20hTF1"]
[Black "Munkhzul_Turmunkh"]
[Result "1-0"]
[WhiteElo "2360"]
[BlackElo "2527"]
[TimeControl "180+1"]
[EndTime "10:29:15 PDT"]
[Termination "Macron20hTF1 won on time"]

1. f4 d5 2. Nf3 Nf6 3. g3 g6 4. Bg2 Bg7 5. O-O O-O 6. d3 c5 7.
c3 Nc6 8. Na3 Re8 9. Nh4 e5 10.
f5 a6 11. e4 dxe4 12. dxe4 b5 13. Bg5 Qe7 14. Qf3 Rf8 15. Nc2 Bd7 16. Ne3 h6 17. Nd5 Qd6 18. Nxf6+ Bxf6 19. Rad1 Nd4 20. cxd4 Bxg5 21. dxe5 Qe7 22. e6 Bc6 23. Qg4 Bxh4 24.
gxh4 Be8 25. e5 Rc8 26. h5 g5 27. h4 fxe6 28. f6 Qf7 29. hxg5 Qxh5 30. Qxe6+ Bf7 31.
Qh3 Qxg5 32. Rd3 Kh7 33. Rg3 1-0

[Event "*** Titled Tuesday Blitz"]
[Site "Chess.com"]
[Date "2020.05.05"]
[Round "3"]
[White "Taron_Shagbazyan"]
[Black "Azeryahu"]
[Result "0-1"]
[WhiteElo "2636"]
[BlackElo "2897"]
[TimeControl "180+1"]
[EndTime "10:29:16 PDT"]
[Termination "Azeryahu won by resignation"]

1. d4 d6 2. g3 Nf6 3. Bg2 c6 4.
c4 Bf5 5. Nc3 h6 6. e4 Bh7 7.
Nge2 Nbd7 8. O-O e5 9. b3 Be7 10. h3 O-O 11. f4 Re8 12. Kh2 Bf8 13. fxe5 dxe5 14. d5 Nc5 15. Qc2 cxd5 16. cxd5 Nxd5 17. Nxd5 Qxd5 18. Nc3 Qc6 19. Bb2 Rad8 20. Rad1 Ne6 21. Qf2 f6 22. Nd5 Bc5 23. Qe2 Bd4 24. Ba3 Kh8 25.
Qg4 Qd7 26. Nxf6 gxf6 27. Rxf6 Ng5 28. Qh4 Qg7 29. Rxh6 Be3 30. Rxd8 Rxd8 31. Rh5 Rd2 32. Qg4 Qf6 33. Qc8+ Kg7 34. Qc7+ Kg6 35. Rxh7 Rxg2+ 36. Kxg2 Qf2+ 0-1

[Event "*** Titled Tuesday Blitz"]
[Site "Chess.com"]
[Date "2020.05.05"]
[Round "3"]
[White "Zhani-Z"]
[Black "LittlePeasant"]
[Result "1-0"]
[WhiteElo "2523"]
[BlackElo "2744"]
[TimeControl "180+1"]
[EndTime "10:29:16 PDT"]
[Termination "Zhani-Z won on time"]

1. e4 c5 2. Nf3 e6 3. g3 a6 4. Bg2 b5 5. d4 cxd4 6. Nxd4 Bb7 7. O-O Nc6 8. Re1 Qc7 9. Nc3 d6 10.
Nd5 Qd8 11. a4 bxa4 12. Rxa4 Be7 13. Nxe7 Ngxe7 14. Nxc6 Nxc6 15. b3 Qc7 16. Qg4 O-O 17. Bb2 Ne5 18. Qe2 Bc6 19. Rd4 Rfd8 20. Red1 a5 21. Ba3 d5 22. exd5 exd5 23. c4 Re8 24.
cxd5 Bd7 25. d6 Qa7 26. Bxa8 Qxa8 27. Re4 f6 28. Re1 Bc6 29. Re3 Nf3+ 30. Qxf3 1-0

[Event "*** Titled Tuesday Blitz"]
[Site "Chess.com"]
[Date "2020.05.05"]
[Round "3"]
[White "AwareIdea"]
[Black "pouya21"]
[Result "0-1"]
[WhiteElo "2596"]
[BlackElo "2798"]
[TimeControl "180+1"]
[EndTime "10:29:17 PDT"]
[Termination "pouya21 won by resignation"]

1. d4 f5 2. Nc3 Nf6 3. Bg5 d5 4.
Bxf6 exf6 5. Nf3 c6 6. a3 Be6 7. e3 Bd6 8. Bd3 Qe7 9. Nh4 g6 10. g3 Nd7 11. Qf3 Nb6 12. O-O Bc7 13. Ng2 Nc8 14. Nf4 Bf7 15. Rfe1 Nd6 16. Qe2 h5 17. Ng2 h4 18. Nxh4 Ne4 19. Ng2 Be6 20.
f3 Rxh2 21. fxe4 Bxg3 22. Qf3 Rh3 23. Kf1 fxe4 24. Nxe4 dxe4 25. Qxe4 Bxe1 26. Rxe1 O-O-O 27. Nf4 Re8 28. Qxg6 Rh1+ 29. Kf2 Rxe1 30. Kxe1 Bd7 31. e4 Qd6 32. e5 Qxd4 33. e6 Qxf4 34. Kd1 Rxe6 0-1

[Event "*** Titled Tuesday Blitz"]
[Site "Chess.com"]
[Date "2020.05.05"]
[Round "3"]
[White "quesfr"]
[Black "dukicz123"]
[Result "0-1"]
[WhiteElo "2253"]
[BlackElo "2494"]
[TimeControl "180+1"]
[EndTime "10:29:17 PDT"]
[Termination "dukicz123 won by resignation"]

1. e4 e5 2. Nf3 Nc6 3. Nc3 Nf6 4. d4 exd4 5. Nxd4 Bb4 6. Nxc6 bxc6 7. Bd3 d5 8. exd5 O-O 9. O-O Bg4 10. f3 Bh5 11. g4 Bg6 12. Bxg6 hxg6 13. dxc6 Qe7 14. Qd3 Rad8 15.
Qc4 Bc5+ 16. Kg2 Rd4 17. Qe2 Qd8 18. Be3 Re8 19. Bxd4 Rxe2+ 20. Nxe2 Bxd4 21. Rfd1 Qd5 22.
Nxd4 Nxg4 23. c4 Ne3+ 24. Kh1 Qg5 25. Rd2 Nxc4 26. Rg2 Qf4 27. Rg4 Qe3 28. Re4 Qd3 29. Re8+ Kh7 30. Rd8 Nd6 31. Rxd6 cxd6 32. Rc1 Qe3 33. Rc2 Qxd4 34. c7 Qd1+ 0-1

[Event "*** Titled Tuesday Blitz"]
[Site "Chess.com"]
[Date "2020.05.05"]
[Round "3"]
[White "Spartakus1975"]
[Black "mbachez"]
[Result "1-0"]
[WhiteElo "2743"]
[BlackElo "2439"]
[TimeControl "180+1"]
[EndTime "10:29:18 PDT"]
[Termination "Spartakus1975 won by resignation"]

1. e4 e6 2. d4 d5 3. exd5 exd5 4. Nf3 c5 5. Bb5+ Nc6 6. O-O Bd6 7. dxc5 Bxc5 8. Be3 Bxe3 9. Re1 Ne7 10. Rxe3 O-O 11.
Nbd2 Nf5 12. Re1 Qb6 13. Bxc6 bxc6 14. Nb3 Nd6 15. Qd4 Bf5 16. c3 Nc4 17. Re2 Rfe8 18.
Rae1 Rxe2 19. Rxe2 h6 20. h3 Rd8 21. Ne5 Be6 22.
Nc5 Nxe5 23. Rxe5 Qxb2 24. Nxe6 fxe6 25. Rxe6 Qb1+ 26. Kh2 Rd7 27. Rxc6 Qxa2 28. Rc8+ Kh7 29.
Qd3+ g6 30. Qd4 Rg7 31. Qf6 Qe2 32. Qf8 Qe5+ 33. f4 1-0

[Event "*** Titled Tuesday Blitz"]
[Site "Chess.com"]
[Date "2020.05.05"]
[Round "3"]
[White "DanielMieles1985"]
[Black "Marcin"]
[Result "0-1"]
[WhiteElo "2646"]
[BlackElo "2429"]
[TimeControl "180+1"]
[EndTime "10:29:18 PDT"]
[Termination "Marcin won on time"]

1. c4 Nf6 2. Nc3 g6 3. g3 Bg7 4. Bg2 O-O 5. e4 e5 6. Nge2 d6 7. O-O Nc6 8. d3 Bg4 9. h3 Be6 10. f4 exf4 11. Nxf4 Bd7 12. Be3 Ne5 13. b3 c5 14. Qd2 a6 15. Rf2 Bc6 16. Raf1 b5 17. g4 b4 18. Nce2 a5 19. g5 Ne8 20. d4 cxd4 21. Nxd4 Nc7 22. Nxc6 Nxc6 23. e5 dxe5 24. Bxc6 exf4 25. Bxf4 Ra7 26. Bd6 Bc3 27. Qd3 Ra6 0-1

[Event "*** Titled Tuesday Blitz"]
[Site "Chess.com"]
[Date "2020.05.05"]
[Round "3"]
[White "jonaszmb"]
[Black "top_bu_tz"]
[Result "1-0"]
[WhiteElo "2490"]
[BlackElo "2224"]
[TimeControl "180+1"]
[EndTime "10:29:18 PDT"]
[Termination "jonaszmb won by resignation"]

1. d4 Nf6 2. c4 g6 3. Nf3 Bg7 4. g3 O-O 5. Bg2 c5 6. d5 d6 7. O-O e6 8. dxe6 Bxe6 9. Ng5 Nc6 10. Nxe6 fxe6 11. Nc3 a6 12. Bf4 Ne8 13. Qd2 Qb6 14.
b3 Rd8 15. Bh6 Ne7 16. Bxg7 Nxg7 17. Rad1 Ngf5 18. e3 Rd7 19. Ne4 d5 20. cxd5 exd5 21.
Ng5 Rfd8 22. e4 Nd4 23. exd5 Nxd5 24. h4 Qf6 25. Qd3 h6 26. Ne4 Qf7 27. h5 g5 28.
Nxc5 Rc7 29. Qxd4 b6 30. Bxd5 Rxd5 31. Qxd5 Qxd5 32. Rxd5 Rxc5 33. Rxc5 bxc5 34. Rc1 1-0

[Event "*** Titled Tuesday Blitz"]
[Site "Chess.com"]
[Date "2020.05.05"]
[Round "3"]
[White "M1711"]
[Black "leoduarte"]
[Result "1-0"]
[WhiteElo "2544"]
[BlackElo "2342"]
[TimeControl "180+1"]
[EndTime "10:29:19 PDT"]
[Termination "M1711 won on time"]

1. d4 d5 2. c4 c6 3. Nc3 Nf6 4. cxd5 cxd5 5. f3 Bf5 6. Bg5 Nc6 7. g4 Bg6 8. Qd2 h6 9. Bf4 e6 10. h4 h5 11. g5 Nd7 12. e3 Be7 13. Bd3 Bxd3 14.
Qxd3 g6 15. Nge2 O-O 16. O-O Nb6 17. Rac1 Rc8 18. Kg2 Bd6 19. e4 Bxf4 20. Nxf4 dxe4 21. Nxe4 Qxd4 22. Nf6+ Kg7 23. N4xh5+ Kh8 24. Qxd4 Nxd4 25. Ng3 Nc4 26. Rfe1 Nxb2 27. h5 Nd3 28. Re4 Rxc1 29.
Rxd4 Ne1+ 30. Kf2 gxh5 31. Rh4 Nd3+ 32. Ke3 Ne5 33. Ngxh5 Ng6 34. Rh2 Ne7 35. Nf4+ 1-0

[Event "*** Titled Tuesday Blitz"]
[Site "Chess.com"]
[Date "2020.05.05"]
[Round "3"]
[White "Konovalova_Vera"]
[Black "The_Machine04"]
[Result "1-0"]
[WhiteElo "2111"]
[BlackElo "2310"]
[TimeControl "180+1"]
[EndTime "10:29:19 PDT"]
[Termination "Konovalova_Vera won by resignation"]

1. d4 d6 2. Nf3 Nf6 3. e3 Nbd7 4. b3 e5 5. dxe5 dxe5 6. Bb2 Bd6 7. Nbd2 O-O 8. Nc4 Qe7 9. Nxd6 cxd6 10. Be2 d5 11.
O-O Re8 12. Bb5 a6 13. Bxd7 Nxd7 14. Qxd5 Qe6 15. Qxe6 Rxe6 16. Rfd1 f6 17. Rd2 Nc5 18. Rd8+ Kf7 19. Ba3 b6 20. Bxc5 bxc5 21. Rad1 Bb7 22. R1d7+ Re7 23. Rxe7+ Kxe7 24. Rxa8 Bxa8 25. Nd2 Bd5 26. f3 Kd6 27. Kf2 Kc6 28. Ke2 a5 29.
g3 a4 30. e4 Be6 31. f4 axb3 32. axb3 Kb5 33. Kd3 exf4 34. gxf4 Kb4 35. Nf3 Bh3 36. e5 Bf5+ 37. Kd2 fxe5 38. fxe5 c4 39. Nd4 Bg6 40. Ke3 Kc5 41. Ne6+ Kd5 42. Nf4+ Kxe5 43.
Nxg6+ hxg6 44. bxc4 g5 45. h3 Kd6 46. Ke4 Kc5 47.
Kf5 Kxc4 48. Kxg5 Kc3 49. Kg6 Kxc2 50. Kxg7 Kd3 51. h4 Ke4 52. h5 Kf5 53. h6 Kg5 54. h7 1-0